Workbook

Sheet 実績報告書
AX1: 年 | BD1: 月 | BJ1: 日
B2: 米沢市長 あて
V3: 申請者
V4: 住所 | AI4: 〒 | AO4: －
V6: 氏名
V7: 電話番号
V8: メールアドレス
B10: 令和８年度米沢市脱炭素先行地域づくり事業補助金実績報告書
B12: 標記について、補助金等交付決定通知書第 | AP12: 号事業実績報告を下記のとおり
B13: 提出いたします。 なお、実績報告書は請求書を兼ねるものとし、米沢市補助金等に係る予算の執行の適正化に関する規則第１３条の規定に基づく額の確定の通知を受けたときは、実績報告書に記載する事項により補助金の請求を行います。
B15: 記
B17: １．補助対象設備を導入する建物の概要
B18: 1 | D18: 所在地
B19: 2 | D19: 所有者名
B20: 3 | D20: 建築区分(該当の数字に〇) | U20: 1 | X20: 新築住宅 | AG20: 2 | AJ20: 既存住宅 | AS20: 3 | AV20: その他( )
B22: ２．事業実績書
B23: 既存住宅断熱改修
D24: 工事着工日 | AV24: 年 | BB24: 月 | BH24: 日
D25: 工事完了日 | AV25: 年 | BB25: 月 | BH25: 日
D26: 住宅種類 （集合住宅の場合は戸数も明記） | BC26: ( | BJ26: 戸)
D27: 改修内容
B29: 高効率空調機器（エアコン）
D30: 工事着工日 | AV30: 年 | BB30: 月 | BH30: 日
D31: 工事完了日 | AV31: 年 | BB31: 月 | BH31: 日
D32: 型番・型式
B33: 高効率給湯器（エコキュート）
D34: 工事着工日 | AV34: 年 | BB34: 月 | BH34: 日
D35: 工事完了日 | AV35: 年 | BB35: 月 | BH35: 日
D36: 型番・型式
B43: ３．補助金の算定
B44: 既存住宅断熱改修 | Q44: 戸建住宅：上限120万円／戸（このうち玄関ドア上限５万円／戸）
Q45: 集合住宅：上限15万円／戸（玄関ドア改修の場合は上限20万円／戸）
D46: 総工費（税込） | AO46: ア | BH46: 円
D47: アのうち補助対象経費 | AO47: イ | BH47: 円
D48: イのうち玄関ドア | AO48: ウ | BH48: 円
D49: イのうち玄関ドア以外 | AO49: エ | AT49: =AT47-AT48 -> 0 | BH49: 円
D50: ウ×２／３ | AO50: オ | AT50: =ROUNDDOWN(AT48*2/3,0) -> 0 | BH50: 円
D51: エ×２／３ | AO51: カ | AT51: =ROUNDDOWN(AT49*2/3,0) -> 0 | BH51: 円
D52: 補助金算定額（千円未満切り捨て） | AO52: キ | AT52: {=_xlfn.IFS(AO26="戸建住宅",Sheet1!H9,AO26="集合住宅",Sheet1!G11,AO26="",0)} -> 0 | BH52: 円
B53: 高効率空調機器 （エアコン） | Q53: 上限13万円
D54: 総工費（税込） | AO54: ク | BH54: 円
D55: クのうち補助対象経費 | AO55: ケ | BH55: 円
D56: ケ×２／３ | AO56: コ | AT56: =ROUNDDOWN(AT55*2/3,0) -> 0 | BH56: 円
D57: 補助金算定額（千円未満切り捨て） | AO57: サ | AT57: =IF(AT56>130000,130000,ROUNDDOWN(AT56,-3)) -> 0 | BH57: 円
B58: 高効率給湯器 （エコキュート） | Q58: 上限33万円
D59: 総工費（税込） | AO59: シ | BH59: 円
D60: シのうち補助対象経費 | AO60: ス | BH60: 円
D61: ス×２／３ | AO61: セ | AT61: =ROUNDDOWN(AT60*2/3,0) -> 0 | BH61: 円
D62: 補助金算定額（千円未満切り捨て） | AO62: ソ | AT62: =IF(AT61>330000,330000,ROUNDDOWN(AT61,-3)) -> 0 | BH62: 円
B63: 実績報告額（キ＋サ＋ソ） | AT63: =AT52+AT57+AT62 -> 0 | BH63: 円
B66: 備考欄
B72: ※（エアコンのみ）処分しない等により家電リサイクル券（排出者控え）の写しを提出できない場合は、「更新前のエアコンを先行地域内で使用しない」旨を備考欄に記入し記名すること（代理人名も可）
B82: ４．請求時の振込先情報
B83: 振込先情報 | E83: 金融機関名 | AI83: 銀行
BH84: 本店
AI85: 金庫
BH86: 支店
AI87: 農協
BH88: 支所
AI89: 信組
E91: 預金種別 | O91: 1 | S91: 普通 | AC91: 2 | AG91: 当座 | AQ91: 3 | AU91: その他( )
E92: (該当の数字に〇)
E93: 口座番号
E94: フリガナ
E95: 口座名義人
B96: ※ 補助金振込先の口座名義人（フリガナ）、金融機関名、店名、預金の種類及び口座番号が記載されている部分の通帳等の写しを口座番号等が確認できる書類を添付すること。 ※ 申請者以外を振込先とする場合は同居家族のみ可能です。その場合は委任状欄に申請者本人による記名押印または署名が必要になります。
B99: 委任状 受領すべき補助金について、上記金融機関へ振込することを委任します。 申請者名 ＿＿＿＿＿＿＿＿＿＿＿＿＿＿

Sheet 実績報告書 （記入例）
AS1: R8 | AX1: 年 | BA1: 8 | BD1: 月 | BG1: 9 | BJ1: 日
B2: 米沢市長 あて
V3: 申請者
V4: 住所 | AI4: 〒 | AK4: 992 | AO4: － | AQ4: 8501
AI5: 米沢市金池5丁目2-25
V6: 氏名 | AI6: 米沢 太郎（※建物の所有者）
V7: 電話番号 | AI7: 0238-22-5111
V8: メールアドレス | AI8: kankyo-ka@city.yonezawa.lg.jp
B10: 令和８年度米沢市脱炭素先行地域づくり事業補助金実績報告書
B12: 標記について、補助金等交付決定通知書第 | AI12: 〇〇〇 | AP12: 号事業実績報告を下記のとおり
B13: 提出いたします。 なお、実績報告書は請求書を兼ねるものとし、米沢市補助金等に係る予算の執行の適正化に関する規則第１３条の規定に基づく額の確定の通知を受けたときは、実績報告書に記載する事項により補助金の請求を行います。
B15: 記
B17: １．補助対象設備を導入する建物の概要
B18: 1 | D18: 所在地 | U18: 米沢市金池5丁目2-25
B19: 2 | D19: 所有者名 | U19: 米沢 太郎
B20: 3 | D20: 建築区分(該当の数字に〇) | U20: 1 | X20: 新築住宅 | AG20: ② | AJ20: 既存住宅 | AS20: 3 | AV20: その他( )
B22: ２．事業実績書
B23: 既存住宅断熱改修
D24: 工事着工日 | AQ24: R8 | AV24: 年 | AY24: 6 | BB24: 月 | BE24: 21 | BH24: 日
D25: 工事完了日 | AQ25: R8 | AV25: 年 | AY25: 7 | BB25: 月 | BE25: 31 | BH25: 日
D26: 住宅種類 （集合住宅の場合は戸数も明記） | AO26: 戸建住宅 | BC26: ( | BJ26: 戸)
D27: 改修内容 | AO27: ガラス | BA27: 窓
AO28: 断熱材 | BA28: 玄関ドア
B29: 高効率空調機器（エアコン）
D30: 工事着工日 | AQ30: R8 | AV30: 年 | AY30: 7 | BB30: 月 | BE30: 21 | BH30: 日
D31: 工事完了日 | AQ31: R8 | AV31: 年 | AY31: 7 | BB31: 月 | BE31: 21 | BH31: 日
D32: 型番・型式 | AO32: TN-KK124SS
B33: 高効率給湯器（エコキュート）
D34: 工事着工日 | AQ34: R8 | AV34: 年 | AY34: 7 | BB34: 月 | BE34: 16 | BH34: 日
D35: 工事完了日 | AQ35: R8 | AV35: 年 | AY35: 7 | BB35: 月 | BE35: 20 | BH35: 日
D36: 型番・型式 | AO36: KRH-CG460MY
B43: ３．補助金の算定
B44: 既存住宅断熱改修 | Q44: 戸建住宅：上限120万円／戸（このうち玄関ドア上限５万円／戸）
Q45: 集合住宅：上限15万円／戸（玄関ドア改修の場合は上限20万円／戸）
D46: 総工費（税込） | AO46: ア | AT46: 2500000 | BH46: 円
D47: アのうち補助対象経費 | AO47: イ | AT47: 2500000 | BH47: 円
D48: イのうち玄関ドア | AO48: ウ | AT48: 75000 | BH48: 円
D49: イのうち玄関ドア以外 | AO49: エ | AT49: =AT47-AT48 -> 2425000 | BH49: 円
D50: ウ×２／３ | AO50: オ | AT50: =ROUNDDOWN(AT48*2/3,0) -> 50000 | BH50: 円
D51: エ×２／３ | AO51: カ | AT51: =ROUNDDOWN(AT49*2/3,0) -> 1616666 | BH51: 円
D52: 補助金算定額（千円未満切り捨て） | AO52: キ | AT52: {=_xlfn.IFS(AO26="戸建住宅",Sheet1!H15,AO26="集合住宅",Sheet1!G17,AO26="",0)} -> 1200000 | BH52: 円
B53: 高効率空調機器 （エアコン） | Q53: 上限13万円
D54: 総工費（税込） | AO54: ク | AT54: 350000 | BH54: 円
D55: クのうち補助対象経費 | AO55: ケ | AT55: 350000 | BH55: 円
D56: ケ×２／３ | AO56: コ | AT56: =ROUNDDOWN(AT55*2/3,0) -> 233333 | BH56: 円
D57: 補助金算定額（千円未満切り捨て） | AO57: サ | AT57: =IF(AT56>130000,130000,ROUNDDOWN(AT56,-3)) -> 130000 | BH57: 円
B58: 高効率給湯器 （エコキュート） | Q58: 上限33万円
D59: 総工費（税込） | AO59: シ | AT59: 800000 | BH59: 円
D60: シのうち補助対象経費 | AO60: ス | AT60: 800000 | BH60: 円
D61: ス×２／３ | AO61: セ | AT61: =ROUNDDOWN(AT60*2/3,0) -> 533333 | BH61: 円
D62: 補助金算定額（千円未満切り捨て） | AO62: ソ | AT62: =IF(AT61>330000,330000,ROUNDDOWN(AT61,-3)) -> 330000 | BH62: 円
B63: 実績報告額（キ＋サ＋ソ） | AT63: =AT52+AT57+AT62 -> 1660000 | BH63: 円
B66: 備考欄
B72: ※（エアコンのみ）処分しない等により家電リサイクル券（排出者控え）の写しを提出できない場合は、「更新前のエアコンを先行地域内で使用しない」旨を備考欄に記入し記名すること（代理人名も可）
B82: ４．請求時の振込先情報
B83: 振込先情報 | E83: 金融機関名 | O83: 米 沢 | AI83: 銀行
BH84: 本店
AI85: 金庫
BH86: 支店
AI87: 農協
BH88: 支所
AI89: 信組
E91: 預金種別 | O91: ① | S91: 普通 | AC91: 2 | AG91: 当座 | AQ91: 3 | AU91: その他( )
E92: (該当の数字に〇)
E93: 口座番号 | O93: 1234567
E94: フリガナ | O94: ヨネザワ ハナコ
E95: 口座名義人 | O95: 米沢 花子
B96: ※ 補助金振込先の口座名義人（フリガナ）、金融機関名、店名、預金の種類及び口座番号が記載されている部分の通帳等の写しを口座番号等が確認できる書類を添付すること。 ※ 申請者以外を振込先とする場合は同居家族のみ可能です。その場合は委任状欄に申請者本人による記名押印または署名が必要になります。
B99: 委任状 受領すべき補助金について、上記金融機関へ振込することを委任します。 申請者名 ＿＿＿＿＿＿＿＿＿＿＿＿＿＿＿＿＿

Sheet Sheet1
B2: 〇 | E2: 戸建住宅 | I2: R8 | J2: 1 | K2: 1
C3: ガラス | D3: 有り | E3: 集合住宅 | I3: R9 | J3: 2 | K3: 2
C4: 窓 | D4: 無し | J4: 3 | K4: 3
C5: 断熱材 | J5: 4 | K5: 4
C6: 玄関ドア | J6: 5 | K6: 5
J7: 6 | K7: 6
D8: 実績報告書 | E8: 戸建住宅の場合 | J8: 7 | K8: 7
E9: 玄関ドア有り | F9: =IF(ROUNDDOWN(実績報告書!AT50,-3)>50000,50000,ROUNDDOWN(実績報告書!AT50,-3)) -> 0 | G9: =IF(ROUNDDOWN(実績報告書!AT51,-3)>1200000-F9,1200000-F9,ROUNDDOWN(実績報告書!AT51,-3)) -> 0 | H9: =IF(実績報告書!AT48=0,F10,F9+G9) -> 0 | J9: 8 | K9: 8
E10: 玄関ドア無し | F10: =IF(ROUNDDOWN(実績報告書!AT51,-3)>1200000,1200000,ROUNDDOWN(実績報告書!AT51,-3)) -> 0 | J10: 9 | K10: 9
E11: 集合住宅の場合 | G11: =IF(実績報告書!AT48>0,IF(ROUNDDOWN(実績報告書!AT50+実績報告書!AT51,-3)>200000,200000,ROUNDDOWN(実績報告書!AT50+実績報告書!AT51,-3)),IF(ROUNDDOWN(実績報告書!AT50+実績報告書!AT51,-3)>150000,150000,ROUNDDOWN(実績報告書!AT50+実績報告書!AT51,-3))) -> 0 | J11: 10 | K11: 10
J12: 11 | K12: 11
J13: 12 | K13: 12
D14: 実績報告書（記入例）新 | E14: 戸建住宅の場合 | K14: 13
E15: 玄関ドア有り | F15: =IF(ROUNDDOWN('実績報告書 （記入例）'!AT50,-3)>50000,50000,ROUNDDOWN('実績報告書 （記入例）'!AT50,-3)) -> 50000 | G15: =IF(ROUNDDOWN('実績報告書 （記入例）'!AT51,-3)>1200000-F15,1200000-F15,ROUNDDOWN('実績報告書 （記入例）'!AT51,-3)) -> 1150000 | H15: =IF('実績報告書 （記入例）'!AT48=0,F16,F15+G15) -> 1200000 | K15: 14
E16: 玄関ドア無し | F16: =IF(ROUNDDOWN('実績報告書 （記入例）'!AT51,-3)>1200000,1200000,ROUNDDOWN('実績報告書 （記入例）'!AT51,-3)) -> 1200000 | K16: 15
E17: 集合住宅の場合 | G17: =IF('実績報告書 （記入例）'!AT48>0,IF(ROUNDDOWN('実績報告書 （記入例）'!AT50+'実績報告書 （記入例）'!AT51,-3)>200000,200000,ROUNDDOWN('実績報告書 （記入例）'!AT50+'実績報告書 （記入例）'!AT51,-3)),IF(ROUNDDOWN('実績報告書 （記入例）'!AT50+'実績報告書 （記入例）'!AT51,-3)>150000,150000,ROUNDDOWN('実績報告書 （記入例）'!AT50+'実績報告書 （記入例）'!AT51,-3))) -> 200000 | K17: 16
K18: 17
K19: 18
K20: 19
K21: 20
K22: 21
K23: 22
K24: 23
K25: 24
K26: 25
K27: 26
K28: 27
K29: 28
... K32: 31
